 Dungeon Crawl Stone Soup version 0.26-a0-52-gd53d4cd (webtiles) character file.

Game seed: 1147758556345354909

7982 thirtiethelement the Blocker (level 11, -1/89 HPs)
             Began as a Gnoll Fighter on June 7, 2020.
             Slain by a large abomination (9 damage)
             ... on level 4 of the Abyss.
             The game lasted 00:23:40 (9118 turns).

thirtiethelement the Blocker (Gnoll Fighter)        Turns: 9118, Time: 00:23:41

Health: -1/89      AC: 26    Str: 17    XL:     11   Next: 23%
Magic:  14/14      EV:  8    Int:  7    God:
Gold:   493        SH:  7    Dex: 15    Spells: 22/22 levels left

rFire    + + .     SeeInvis .   t - +2 war axe (vamp)
rCold    + . .     Gourm    .   v - +1 buckler {rF+}
rNeg     . . .     Faith    .   u - +9 scales of the Dragon King {rPois rF+ rC+ MR+}
rPois    +         Spirit   .   m - +2 hat
rElec    .         Reflect  .   l - +1 cloak
rCorr    .         Harm     .   y - +1 pair of gloves
MR       +....     Rnd*Tele +   (no boots)
Stlth    ..........             G - amulet of magic regeneration
HPRegen  0.00/turn              e - ring of wizardry
MPRegen  0.39/turn              F - +4 ring of evasion

@: about to teleport, non-regenerating, diseased
A: distributed training, fangs 1, [deformed body], [dopey 2], [low mp 3],
[teleportitis 2], [weak 2], strong nose
a: no special abilities


You were on level 4 of the Abyss.
You were not hungry.

You visited 2 branches of the dungeon, and saw 11 of its levels.
You visited the Abyss 1 time.

You collected 787 gold pieces.
You spent 294 gold pieces at shops.

Inventory:

Hand Weapons
 a - a +0 war axe
 t - a +2 vampiric war axe (weapon)
 J - a +4 hand axe
 M - the +1 scimitar of the Candle {speed, *Noise rElec rPois rN++, unknown}
   (You found it on level 3 of the Abyss)

   Attacks with this weapon are significantly faster.
   It insulates you from electricity.
   It protects you from poison.
   It greatly protects you from negative energy.
   It may make noises in combat.
Missiles
 D - 14 boomerangs (quivered)
Armour
 l - a +1 cloak (worn)
 m - a +2 hat (worn)
 u - the +9 scales of the Dragon King (worn) {rPois rF+ rC+ MR+}
   (You found it on level 5 of the Dungeon)

   It protects you from fire.
   It protects you from cold.
   It protects you from poison.
   It affects your resistance to hostile enchantments.
 v - a +1 buckler of fire resistance (worn)
 y - a +1 pair of gloves (worn)
 z - a +2 helmet of intelligence
Jewellery
 e - a ring of wizardry (left hand)
 k - an uncursed amulet of faith
 F - a +4 ring of evasion (right hand)
 G - an amulet of magic regeneration (around neck)
 K - a +4 ring of evasion
Wands
 j - a wand of iceblast (16)
 q - a wand of clouds (8)
 r - a wand of polymorph (2)
Scrolls
 g - 2 scrolls of teleportation
 h - 6 scrolls of remove curse
 I - a scroll of amnesia
 L - a scroll of enchant armour
Potions
 b - 2 potions of mutation {unknown}
 c - 2 potions of brilliance
 d - 3 potions of might
 i - 10 potions of curing
 n - 3 potions of flight
 o - 2 potions of invisibility
 p - 2 potions of haste
 w - 2 potions of ambrosia
 x - a potion of berserk rage
 B - a potion of stabbing
 C - 3 potions of lignification
 E - a potion of magic
 H - a potion of resistance
Comestibles
 f - 21 rations


   Skills:
 + Level 9.0 Fighting
 + Level 6.0 Short Blades
 + Level 6.0 Long Blades
 + Level 7.6 Axes
 + Level 6.0 Maces & Flails
 + Level 6.0 Polearms
 + Level 6.0 Staves
 + Level 6.0 Slings
 + Level 6.0 Bows
 + Level 6.0 Crossbows
 + Level 6.0 Throwing
 + Level 9.0 Armour
 + Level 6.0 Dodging
 + Level 6.0 Stealth
 + Level 9.0 Shields
 + Level 6.0 Unarmed Combat
 + Level 6.0 Spellcasting
 + Level 4.9 Conjurations
 + Level 4.9 Hexes
 + Level 4.9 Charms
 + Level 4.9 Summonings
 + Level 4.9 Necromancy
 + Level 4.9 Translocations
 + Level 4.9 Transmutations
 + Level 4.9 Fire Magic
 + Level 4.9 Ice Magic
 + Level 4.9 Air Magic
 + Level 4.9 Earth Magic
 + Level 4.9 Poison Magic
 + Level 6.5 Invocations
 + Level 6.0 Evocations


You had 22 spell levels left.
You didn't know any spells.
Your spell library contained the following spells:

 Spells                   Type           Power        Failure   Level  Hunger
 Magic Dart               Conj           #...         95%         1    #......
 Ensorcelled Hibernation  Hex/Ice        #.....       99%         2    ##.....
 Searing Ray              Conj           #.....       99%         2    ##.....
 Dazzling Flash           Conj/Hex       #.....       100%        3    ###....
 Fulminant Prism          Conj/Hex       #.........   100%        4    #####..
 Iskenderun's Mystic Bla  Conj/Tloc      #.......     100%        4    #####..
 Borgnjor's Vile Clutch   Necr/Erth      #.........   100%        5    ######.
 Irradiate                Conj/Tmut      #.........   100%        5    ######.
 Silence                  Hex/Air        #.........   100%        5    ######.
 Darkness                 Hex            #.........   100%        6    #######
 Hydra Form               Tmut           #.........   100%        6    #######
 Shadow Creatures         Summ           N/A          100%        6    #######
 Statue Form              Tmut/Erth      #........    100%        6    #######
 Dragon Form              Tmut           #.........   100%        7    #######


Dungeon Overview and Level Annotations

Branches:
Dungeon (10/15)            Temple (1/1) D:4             Orc (0/2) D:9
   Lair: D:8-11

Altars:
Ashenzari
Cheibriados
Dithmenos
Elyvilon
Fedhas
Gozag
Hepliaklqana
Kikubaaqudgha
Makhleb
Nemelex Xobeh
Okawaru
Qazlal
Ru
Sif Muna
Trog
Uskayaw
Vehumet
Wu Jian
Xom
Yredelemnul
Zin
The Shining One
Beogh

Shops:
D:5 *   D:7 !   D:8 =   D:10 :

Annotations:
D:10 Sonja


Innate Abilities, Weirdness & Mutations

Your experience applies equally to all skills.
You have very sharp teeth.
Your uncanny sense of smell can sniff out nearby items.
[Armour fits poorly on your strangely shaped body.]
[You are very dopey. (Int -4)]
[Your magical capacity is extremely low. (-30% MP)]
[You are sometimes teleported next to monsters.]
[You are very weak. (Str -4)]


Message History

The raiju bites you but does no damage.
You miss the raiju. x2
You hit the large abomination but do no damage.
You feel less invigorated.
You feel less confused.
You feel ill.
The large abomination barely misses you.
The raiju bursts into living lightning!
The living lightning hits you but does no damage.
The living lightning misses the raiju.
The raiju blinks!
The raiju bites you but does no damage.
The raiju bursts into living lightning!
The living lightning hits you!!
* * * LOW HITPOINT WARNING * * *
The living lightning misses you.
The raiju blinks!
As you read the scroll of teleportation, it crumbles to dust.
You feel strangely unstable.
You feel the power of the Abyss delaying your translocation!
The large abomination hits you!
You die...

#... # .. .. .#
##. ##...# # . .
..# .# #.
####..## # #.#.#.
## ##.##...## . #
##...... #.##.
#.h### .
.#..##.#@.# #..
.#.# ##X#x.#
.###..###hh#..#.#
#..#.#...#x.# .#
.. ..#.##..# # #
#.#..## ##. ###
.. #### .##


You could see an ancient zyme, a large abomination and 3 raiju.

Vanquished Creatures
  2 two-headed ogres (D:9)
  Joseph (D:8)
  Psyche (D:8)
  A gargoyle (D:9)
  An ancient zyme (Abyss:3)
  A raiju (Abyss:4)
  A large abomination (Abyss:3)
  A spriggan (D:7)
  A black mamba skeleton (Abyss:3)
  A water moccasin (D:5)
  4 ice beasts
  3 sky beasts
  8 orc warriors
  A black bear (D:9)
  A phantom (D:8)
  10 centaurs
  5 ogres
  A small abomination (Abyss:1)
  A big kobold (D:8)
  2 bullfrogs
  A wyvern skeleton (D:9)
  A scorpion (D:10)
  4 killer bees (D:10)
  3 crimson imps
  A bullfrog zombie (D:6)
  5 orc wizards
  2 bullfrog skeletons
  A centaur skeleton (D:7)
  A gnoll shaman (D:5)
  5 hounds
  2 jellies
  10 orc priests
  An iguana (D:10)
  Natasha (thrice) (D:2)
  4 worker ants
  A statue (D:4)
  2 hound skeletons
  8 gnolls
  A howler monkey skeleton (D:9)
  8 adders
  2 shadow imps
  2 oozes (D:6)
  3 adder skeletons
  An adder zombie (D:7)
  2 worms (D:6)
  2 dart slugs
  5 leopard geckos
  39 orcs
  4 giant cockroaches
  8 goblins
  8 hobgoblins
  8 jackals
  5 quokkas
  9 bats
  7 frilled lizards
  13 kobolds
  3 leopard gecko skeletons
  11 rats
243 creatures vanquished.

Vanquished Creatures (others)
  2 starspawn tentacles (Abyss:3)
2 creatures vanquished.

Grand Total: 245 creatures vanquished

Notes
Turn   | Place    | Note
-------+----------+-------------------------------------------
     0 | D:1      | thirtiethelement the Gnoll Fighter began the quest for the
                  | Orb.
     0 | D:1      | Reached XP level 1. HP: 23/23 MP: 1/1
    42 | D:1      | Reached XP level 2. HP: 27/29 MP: 2/2
   453 | D:2      | Noticed Natasha
   458 | D:2      | Noticed a crimson imp
   461 | D:2      | Killed Natasha
   461 | D:2      | Reached skill level 1 in Invocations
   461 | D:2      | Reached XP level 3. HP: 11/35 MP: 2/4
   599 | D:2      | Noticed Natasha
   606 | D:2      | Killed Natasha
   606 | D:2      | Reached skill level 1 in Short Blades
   606 | D:2      | Reached skill level 1 in Long Blades
   606 | D:2      | Reached skill level 1 in Maces & Flails
   606 | D:2      | Reached skill level 1 in Polearms
   606 | D:2      | Reached skill level 1 in Staves
   606 | D:2      | Reached skill level 1 in Slings
   606 | D:2      | Reached skill level 1 in Bows
   606 | D:2      | Reached skill level 1 in Crossbows
   606 | D:2      | Reached skill level 1 in Throwing
   606 | D:2      | Reached skill level 1 in Dodging
   606 | D:2      | Reached skill level 1 in Stealth
   606 | D:2      | Reached skill level 1 in Unarmed Combat
   606 | D:2      | Reached skill level 1 in Spellcasting
   606 | D:2      | Reached skill level 1 in Evocations
   606 | D:2      | Reached XP level 4. HP: 28/41 MP: 5/5
   688 | D:2      | Noticed Natasha
   702 | D:2      | Killed Natasha
   702 | D:2      | Reached skill level 1 in Conjurations
   702 | D:2      | Reached skill level 1 in Hexes
   702 | D:2      | Reached skill level 1 in Charms
   702 | D:2      | Reached skill level 1 in Summonings
   702 | D:2      | Reached skill level 1 in Necromancy
   702 | D:2      | Reached skill level 1 in Translocations
   702 | D:2      | Reached skill level 1 in Transmutations
   702 | D:2      | Reached skill level 1 in Fire Magic
   702 | D:2      | Reached skill level 1 in Ice Magic
   702 | D:2      | Reached skill level 1 in Air Magic
   702 | D:2      | Reached skill level 1 in Earth Magic
   702 | D:2      | Reached skill level 1 in Poison Magic
   896 | D:2      | Found a bloodstained altar of Trog.
   896 | D:2      | Found a sacrificial altar of Ru.
  1299 | D:2      | Found a basalt altar of Yredelemnul.
  1439 | D:3      | Reached XP level 5. HP: 47/47 MP: 6/6
  1622 | D:3      | Found a glowing silver altar of Zin.
  2042 | D:4      | Found a radiant altar of Vehumet.
  2042 | D:4      | Noticed a frost-covered statue
  2054 | D:4      | Killed a frost-covered statue
  2054 | D:4      | Reached XP level 6. HP: 36/53 MP: 8/8
  2423 | D:4      | Reached skill level 5 in Axes
  2612 | D:4      | Found a staircase to the Ecumenical Temple.
  2621 | Temple   | Entered the Ecumenical Temple
  3228 | D:5      | Entered Level 5 of the Dungeon
  3352 | D:5      | Noticed a sky beast
  3362 | D:5      | Killed a sky beast
  3362 | D:5      | Reached XP level 7. HP: 59/59 MP: 10/10
  3430 | D:5      | Found Syleets's Assorted Antiques.
  3443 | D:5      | Bought a shiny buckler for 157 gold pieces
  3443 | D:5      | Bought a murky amethyst potion for 18 gold pieces
  3443 | D:5      | Bought a scroll labeled WULUDGH NERAAF for 21 gold pieces
  3702 | D:5      | Found the +9 scales of the Dragon King {rPois rF+ rC+ MR+}
  3837 | D:5      | Reached XP level 8. HP: 64/67 MP: 12/12
  4272 | D:6      | Found a snail-covered altar of Cheibriados.
  4572 | D:6      | Found a shattered altar of Ashenzari.
  4629 | D:6      | Noticed a moth of wrath
  4632 | D:6      | Found a bloodstained altar of Trog.
  5035 | D:7      | Reached XP level 9. HP: 67/72 MP: 14/14
  5399 | D:7      | Found Dium's Distillery.
  5402 | D:7      | Bought a potion of brilliance for 56 gold pieces
  5402 | D:7      | Bought a potion of lignification for 42 gold pieces
  6034 | D:8      | Noticed Joseph
  6087 | D:8      | Killed Joseph
  6211 | D:8      | Found a shimmering altar of Xom.
  6261 | D:8      | Reached skill level 5 in Invocations
  6270 | D:8      | Found Vyskau Yzumm's Jewellery Shoppe.
  6328 | D:8      | Noticed Psyche
  6335 | D:8      | Killed Psyche
  6335 | D:8      | Reached XP level 10. HP: 80/80 MP: 15/17
  6683 | D:9      | Noticed a two-headed ogre
  6683 | D:9      | Noticed a two-headed ogre
  6693 | D:9      | Killed a two-headed ogre
  6693 | D:9      | Reached skill level 5 in Short Blades
  6693 | D:9      | Reached skill level 5 in Long Blades
  6693 | D:9      | Reached skill level 5 in Maces & Flails
  6693 | D:9      | Reached skill level 5 in Polearms
  6693 | D:9      | Reached skill level 5 in Staves
  6693 | D:9      | Reached skill level 5 in Slings
  6693 | D:9      | Reached skill level 5 in Bows
  6693 | D:9      | Reached skill level 5 in Crossbows
  6693 | D:9      | Reached skill level 5 in Throwing
  6693 | D:9      | Reached skill level 5 in Dodging
  6693 | D:9      | Reached skill level 5 in Stealth
  6693 | D:9      | Reached skill level 5 in Unarmed Combat
  6693 | D:9      | Reached skill level 5 in Spellcasting
  6693 | D:9      | Reached skill level 5 in Evocations
  6710 | D:9      | Killed a two-headed ogre
  6815 | D:9      | Found a staircase to the Orcish Mines.
  6816 | D:9      | Found a roughly hewn altar of Beogh.
  6945 | D:9      | Found an iron altar of Okawaru.
  7079 | D:9      | Noticed a +0 hand axe
  7080 | D:9      | Noticed a +0 dagger
  7098 | D:9      | Found a hide-covered altar of Uskayaw.
  7213 | D:9      | Found an opulent altar of Gozag.
  7332 | D:9      | You fall into a shaft and drop 1 floor!
  7332 | D:10     | Entered Level 10 of the Dungeon
  7651 | D:9      | Reached XP level 11. HP: 68/87 MP: 19/19
  8094 | D:10     | Found Ythrum's Book Emporium.
  8158 | D:10     | Noticed Sonja
  8485 | D:10     | Cast into level 1 of the Abyss (Sonja)
  8623 | Abyss:2  | Noticed a wretched star
  8689 | Abyss:3  | Got a jewelled scimitar
  8746 | Abyss:3  | Noticed a tentacled starspawn
  8788 | Abyss:3  | Noticed a hell hog
  8788 | Abyss:3  | Noticed a hell hog
  8788 | Abyss:3  | Noticed a hell hog
  8856 | Abyss:3  | Noticed a wretched star
  8861 | Abyss:3  | Noticed a thrashing horror
  8862 | Abyss:3  | Noticed a sixfirhy
  8863 | Abyss:3  | Noticed a thrashing horror
  8914 | Abyss:3  | Noticed a kraken
  8972 | Abyss:3  | Noticed a wretched star
  8976 | Abyss:3  | Noticed a starcursed mass
  9006 | Abyss:4  | Noticed a starcursed mass
  9023 | Abyss:4  | Noticed a cacodemon
  9064 | Abyss:4  | Noticed a rakshasa
  9118 | Abyss:4  | Slain by a large abomination

Illustrated notes

Levels and vault maps discovered:
D:1:      lightli_molten_gateway, layout_rooms
D:2:      cheibrodos_old_hovel, layout_loops_ring, overflow_temple_1_default,
          gammafunk_temple_overflow_wave, uniq_natasha
D:3:      layout_rooms, overflow_temple_1_default, first_ration
D:4:      kb_forest_paths, layout_basic, vehumet_statue,
          kennysheep_decorative_pillar
D:5:      layout_cave_pods, serial_shops, nicolae_shop_crystal
D:6:      layout_rooms, kennysheep_slug_shrine, evilmike_ruin_ashenzari,
          tgw_trog
D:7:      layout_basic, serial_shops, shop, the_bakery
D:8:      layout_cave_pods, xom_teletrap_fun, serial_shops, shop, uniq_psyche,
          uniq_joseph
D:9:      layout_loops_ring, dancing_weapons_uskayaw, grunt_gozag_breadcrumbs,
          okawaru_altar_gauntlet_db, david_orc_5
D:10:     layout_loops_cross, serial_shops, shop_fountains, uniq_sonja
Temple:   minmay_temple_curvy_loop
Abyss:4:  base: D:5, hangedman_shadowy_showcase, serial_sigils_hangedman_gut,
          lemuel_flamethrower_2, evilmike_abyss_rune_elephants_shrine,
          evilmike_abyss_exit_12, serial_sigils_hangedman_gut,
          lemuel_flamethrower_2, nicolae_abyss_rune_star_stuff,
          evilmike_abyss_exit_mutagenic, nicolae_abyss_rune_left_handed,
          kilobyte_mutagenic_chamber

Skill      XL: |  1  2  3  4  5  6  7  8  9 10 11 |
---------------+----------------------------------+-----
Invocations    | 1 2 3 4 5 6 |  6.5
Short Blades   | 1 2 3 4 5 6 |  6.0
Long Blades    | 1 2 3 4 5 6 |  6.0
Maces & Flails | 1 2 3 4 5 6 |  6.0
Polearms       | 1 2 3 4 5 6 |  6.0
Staves         | 1 2 3 4 5 6 |  6.0
Slings         | 1 2 3 4 5 6 |  6.0
Bows           | 1 2 3 4 5 6 |  6.0
Crossbows      | 1 2 3 4 5 6 |  6.0
Throwing       | 1 2 3 4 5 6 |  6.0
Dodging        | 1 2 3 4 5 6 |  6.0
Stealth        | 1 2 3 4 5 6 |  6.0
Unarmed Combat | 1 2 3 4 5 6 |  6.0
Spellcasting   | 1 2 3 4 5 6 |  6.0
Evocations     | 1 2 3 4 5 6 |  6.0
Conjurations   | 1 2 3 4 |  4.9
Hexes          | 1 2 3 4 |  4.9
Charms         | 1 2 3 4 |  4.9
Summonings     | 1 2 3 4 |  4.9
Necromancy     | 1 2 3 4 |  4.9
Translocations | 1 2 3 4 |  4.9
Transmutations | 1 2 3 4 |  4.9
Fire Magic     | 1 2 3 4 |  4.9
Ice Magic      | 1 2 3 4 |  4.9
Air Magic      | 1 2 3 4 |  4.9
Earth Magic    | 1 2 3 4 |  4.9
Poison Magic   | 1 2 3 4 |  4.9
Axes           | 5 6 7 |  7.6
Fighting       | 7 8 9 |  9.0
Armour         | 7 8 9 |  9.0
Shields        | 7 8 9 |  9.0

Action                   |  1- 3 |  4- 6 |  7- 9 | 10-12 || total
-------------------------+-------+-------+-------+-------++-------
Melee: War axe           |    49 |   181 |   295 |   343 ||   868
       Bite              |     1 |    18 |    37 |    52 ||   108
Throw: Javelin           |       |       |     5 |    11 ||    16
       Boomerang         |       |       |       |    27 ||    27
  Use: Scroll            |     2 |    10 |     5 |    15 ||    32
       Potion            |       |       |       |     4 ||     4
  Eat: Chunk             |       |     5 |    10 |     7 ||    22
       Ration            |       |     1 |       |     1 ||     2
Armor: Scale mail        |    24 |    63 |    16 |       ||   103
       Gold dragon scale |       |       |   189 |   207 ||   396
Dodge: Dodged            |    16 |    48 |   118 |   155 ||   337
Block: Kite shield       |    37 |    88 |       |       ||   125
       Buckler           |       |     3 |   114 |   138 ||   255

Table legend:
 A = Non-vault XP
 B = Vault XP
 C = Vault XP percentage of total XP
 D = Non-vault monster count
 E = Vault monster count
 F = Vault count percentage of total count
                 A         B        C        D         E       F
            +---------+---------+-------+---------+---------+-------
      Total |    9059 |    2345 |  20.6 |     198 |      45 |  18.5
            +---------+---------+-------+---------+---------+-------
        D:1 |      25 |       0 |   0.0 |      16 |       0 |   0.0
        D:2 |      96 |      36 |  27.3 |      19 |       2 |   9.5
        D:3 |      97 |       0 |   0.0 |      15 |       0 |   0.0
        D:4 |     147 |     122 |  45.4 |      13 |       5 |  27.8
        D:5 |     838 |       0 |   0.0 |      25 |       0 |   0.0
        D:6 |     746 |      13 |   1.7 |      16 |       6 |  27.3
        D:7 |     668 |     211 |  24.0 |      23 |       1 |   4.2
        D:8 |     933 |     966 |  50.9 |      28 |       2 |   6.7
        D:9 |    3306 |     807 |  19.6 |      20 |      28 |  58.3
       D:10 |    1261 |       0 |   0.0 |      19 |       0 |   0.0
    Abyss:1 |     111 |       0 |   0.0 |       1 |       0 |   0.0
    Abyss:3 |     574 |     190 |  24.9 |       2 |       1 |  33.3
    Abyss:4 |     257 |       0 |   0.0 |       1 |       0 |   0.0
            +---------+---------+-------+---------+---------+-------
